 Dungeon Crawl Stone Soup version 0.30-a0-241-g1121274140 (webtiles) character file.

Game seed: 4207682899686824461

2135 QuickerDeath the Skirmisher (level 9, -1/71 HPs)
             Began as a Formicid Hunter on Oct 10, 2022.
             Was a Priest of Okawaru.
             Shot with a sling bullet by Joseph (7 damage)
             ... on level 7 of the Dungeon.
             The game lasted 00:12:55 (7131 turns).

QuickerDeath the Skirmisher (Formicid Hunter)       Turns: 7131, Time: 00:12:56

Health: -1/71      AC:  7    Str: 15    XL:     9   Next: 55%
Magic:  8/9        EV: 13    Int: 10    God:    Okawaru [***...]
Gold:   182        SH:  0    Dex: 24    Spells: 8/8 levels left

rFire   . . .      SeeInvis +    E - +2 whip (venom)
rCold   . . .      Faith    +    (no shield)
rNeg    . . .      Spirit   .    k - +0 ring mail
rPois   .          Reflect  .    (helmet unavailable)
rElec   .          Harm     .    (no cloak)
rCorr   .          Rampage  .    u - +0 pair of gloves {Dex+3}
Will    .....                    l - +0 pair of boots
Stlth   ++++......               w - amulet of faith
HPRegen 0.31/turn                (no ring)
MPRegen 0.11/turn                (no ring)

@: no status effects
A: permanent stasis, dig shafts and tunnels, antennae 3, four strong arms
a: Dig, Shaft Self, Renounce Religion, Heroism


You were on level 7 of the Dungeon.
You worshipped Okawaru.
Okawaru was most pleased with you.
You visited 1 branch of the dungeon, and saw 7 of its levels.

You collected 386 gold pieces.
You spent 204 gold pieces at shops.

Inventory:

Hand Weapons
 a - a +0 shortbow
 f - a +3 dagger
 E - a +2 whip of venom (weapon)
Missiles
 j - 3 curare-tipped darts {!f}
 D - 19 poisoned darts
Armour
 k - a +0 ring mail (worn)
 l - a +0 pair of boots (worn)
 u - a +0 pair of gloves of dexterity (worn)
Jewellery
 w - an amulet of faith (around neck)
 F - a ring of wizardry
Wands
 t - a wand of acid (11) (quivered)
 y - a wand of flame (27)
 A - a wand of polymorph (23)
 G - a wand of digging (1)
Scrolls
 b - 2 scrolls of immolation
 d - 4 scrolls of fear
 g - 4 scrolls of fog
 h - a scroll of brand weapon
 n - a scroll of amnesia {unknown}
 o - 3 scrolls of teleportation {unknown}
 r - a scroll of noise {unknown}
 s - a scroll of blinking {unknown}
 v - 2 scrolls of magic mapping {unknown}
 B - 3 scrolls of identify
Potions
 c - 3 potions of brilliance
 i - 3 potions of flight
 m - a potion of resistance {unknown}
 q - 2 potions of ambrosia
 x - 2 potions of haste {unknown}
 z - 2 potions of degeneration {unknown}
 C - a potion of invisibility {unknown}


   Skills:
 + Level 6.6 Fighting
 * Level 8.9 Ranged Weapons
 - Level 4.0 Dodging
 + Level 7.5 Stealth


You had 8 spell levels left.
You didn't know any spells.
Your spell library contained the following spells:

 Spells                   Type           Power      Damage    Failure   Level
 Ensorcelled Hibernation  Hex/Ice        0%         N/A       75%         2
 Passwall                 Tmut/Erth      0%         N/A       75%         2
 Ignite Poison            Fire/Tmut/Pois 0%         N/A       92%         3
 Kindle Blastsparks       Fire/Tloc/Air  0%         2d10      92%         3
 Spider Form              Tmut/Pois      0%         N/A       92%         3
 Anguish                  Hex/Necr       0%         N/A       100%        4
 Freezing Cloud           Conj/Ice/Air   0%         6-21      100%        5
 Swiftness                Air            Unusable   N/A       N/A         3

Dungeon Overview and Level Annotations

Branches:
Dungeon (7/15)             Temple (0/1) D:4

Altars:
Okawaru
Sif Muna

Shops:
D:4 [   D:5 [**

Annotations:
D:5 1 runed translucent door, Crazy Yiuf
D:7 Joseph


Innate Abilities, Weirdness & Mutations

You cannot be hasted, slowed, berserked, paralysed or teleported.
You can dig through walls and to a lower floor.
You have a pair of large antennae on your head. (SInv)
Your four strong arms can wield two-handed weapons with a shield.


Message History

Joseph is lightly wounded.
Joseph barely misses you.
You whack Joseph!
Joseph is moderately wounded.
Joseph closely misses you.
You hit Joseph.
Joseph looks as sick as possible!
Joseph is moderately wounded.
Joseph closely misses you. Joseph barely misses you.
You hit Joseph.
Joseph looks as sick as possible!
Joseph is heavily wounded.
Joseph hits you with a +1 quarterstaff of speed!
You hit Joseph.
Joseph looks as sick as possible!
Joseph is heavily wounded.
You feel like a meek peon again.
Joseph hits you with a +1 quarterstaff of speed.
Joseph hits you with a +1 quarterstaff of speed!
You completely miss Joseph.
Joseph is severely wounded.
Joseph hits you with a +1 quarterstaff of speed!
* * * LOW HITPOINT WARNING * * *
Unknown command.
You feel much better.
Joseph hits you with a +1 quarterstaff of speed!
* * * LOW HITPOINT WARNING * * *
Joseph hits you with a +1 quarterstaff of speed!
* * * LOW HITPOINT WARNING * * *
You feel much better.
Joseph hits you with a +1 quarterstaff of speed!
You barely miss Joseph.
Joseph is almost dead.
Joseph hits you with a +1 quarterstaff of speed!
* * * LOW HITPOINT WARNING * * *
Joseph hits you with a +1 quarterstaff of speed!
* * * LOW HITPOINT WARNING * * *
Unknown command.
Joseph unwields a +1 quarterstaff of speed.
Joseph wields a +0 sling.
Joseph shoots a sling bullet.
The sling bullet barely misses you.
You feel better.
Joseph shoots a sling bullet.
The sling bullet hits you!
You die...

##.##...# ########
########..####..
#......#########........#####..
#........))))..................
#......#########......#######.#
#......#########......# #.#
#####......).).#......# #.#
##########.#......# #.#
#@#......# #.#
#.#......#######.# ###
##########.@..#.........#.#
....##.......#####.....#####...#
.......g.......# ##..#..# ###.#
.>.......#g#...#####.##.# #..
................##......######..
.......#.#.#.#..g...............
..............g.......{...####.#


You could see Joseph (extremely poisoned).

Vanquished Creatures
  Sigmund (D:4)
  A steam dragon (D:7)
  Edmund (D:6)
  Duvessa (D:6)
  2 phantoms
  7 kobold brigands
  A gnoll sergeant (D:7)
  4 scorpions
  A necrophage (D:4)
  Dowan (D:6)
  3 jellies
  3 hounds
  An orc priest (D:4)
  2 iguanas
  An orc wizard (D:5)
  8 gnolls
  8 adders
  A white imp (D:7)
  3 ufetubi
  4 worms
  4 dart slugs
  17 orcs
  4 bats
  7 endoplasms
  3 giant cockroaches
  8 goblins
  8 hobgoblins
  27 kobolds
  2 quokkas
  4 ball pythons
  4 frilled lizards (D:1)
  9 rats
151 creatures vanquished.

Notes
Turn   | Place    | Note
-------+----------+-------------------------------------------
     0 | D:1      | QuickerDeath the Formicid Hunter began the quest for the
                  | Orb.
     0 | D:1      | Reached XP level 1. HP: 16/16 MP: 1/1
    59 | D:1      | You fall into a shaft and drop 1 floor!
   121 | D:2      | Reached XP level 2. HP: 23/23 MP: 2/2
   260 | D:1      | Reached XP level 3. HP: 17/28 MP: 3/3
   951 | D:1      | Reached XP level 4. HP: 19/35 MP: 4/4
  2160 | D:4      | Noticed a phantom
  2234 | D:2      | Reached XP level 5. HP: 41/41 MP: 5/5
  2468 | D:2      | Found a faded altar of an unknown god.
  2469 | D:2      | Noticed a floating eye
  2471 | D:2      | Noticed a shining eye
  2471 | D:2      | Noticed an eye of devastation
  2471 | D:2      | Noticed a great orb of eyes
  2488 | D:2      | Prayed at the altar of an unknown god.
  2488 | D:2      | Became a worshipper of Warmaster Okawaru
  2488 | D:2      | Reached * piety under Okawaru
  2602 | D:4      | Killed a phantom
  2603 | D:4      | Reached skill level 5 in Ranged Weapons
  2603 | D:4      | Reached XP level 6. HP: 36/47 MP: 6/6
  2659 | D:4      | Found a staircase to the Ecumenical Temple.
  2727 | D:4      | Found Nitiuril's Armour Boutique.
  2735 | D:4      | Bought a +0 pair of gloves of dexterity for 126 gold pieces
  2789 | D:4      | Found a shimmering blue altar of Sif Muna.
  2898 | D:4      | Noticed Sigmund
  2916 | D:4      | Killed Sigmund
  2917 | D:4      | Reached XP level 7. HP: 46/54 MP: 7/7
  2943 | D:5      | Entered Level 5 of the Dungeon
  2953 | D:5      | Reached skill level 6 in Ranged Weapons
  3361 | D:4      | Reached ** piety under Okawaru
  4079 | D:5      | Found Uwaun's Assorted Antiques.
  4090 | D:5      | Found Wan Domo's Assorted Antiques.
  4116 | D:5      | Bought a potion of curing for 78 gold pieces
  4121 | D:5      | Reached skill level 5 in Stealth
  4121 | D:5      | Reached XP level 8. HP: 61/61 MP: 8/8
  4140 | D:5      | Found Sig Jyis's Antique Armour Shoppe.
  4594 | D:5      | Found a runed translucent door.
  4595 | D:5      | Noticed Crazy Yiuf
  4803 | D:6      | Reached skill level 5 in Fighting
  4835 | D:6      | Reached skill level 7 in Ranged Weapons
  4994 | D:6      | Noticed Edmund
  5451 | D:6      | Noticed Duvessa
  5452 | D:6      | Noticed Dowan
  5515 | D:6      | Killed Duvessa
  5515 | D:6      | Reached *** piety under Okawaru
  5516 | D:6      | Reached XP level 9. HP: 69/69 MP: 9/9
  5525 | D:6      | Killed Dowan
  5800 | D:6      | Reached skill level 8 in Ranged Weapons
  6040 | D:7      | Noticed Joseph
  6094 | D:6      | Killed Edmund
  7129 | D:7      | HP: 1/71 [Joseph/+1 quarterstaff of speed (15)]
  7131 | D:7      | Shot with a sling bullet by Joseph

Illustrated notes

Levels and vault maps discovered:
D:1:      lemuel_arrival_room, layout_loops_ring
D:2:      layout_rooms, hellmonk_ecumenical_altar_watching_god,
          minmay_pentomino_w4
D:3:      layout_basic, kennysheep_generic_room_14
D:4:      layout_rooms, lemuel_crystal_altar, minmay_temple_entry_grid,
          serial_shops, shop, minmay_cupped, uniq_sigmund
D:5:      layout_basic, serial_shops, nicolae_square_shop, shop,
          nicolae_shop_temple_entry_statues_fountains, uniq_crazy_yiuf_cottage
D:6:      layout_loops_cross, uniq_duvessa, uniq_edmund
D:7:      layout_rooms, st_stairs_2, minmay_misc_feat_five, uniq_joseph

Skill      XL: |  1  2  3  4  5  6  7  8  9 |
---------------+----------------------------+-----
Dodging        | 2 3 4 |  4.0
Stealth        | 2 3 4 5 6 7 |  7.5
Fighting       | 3 4 5 6 |  6.6
Ranged Weapons | 5 6 7 8 |  8.9

Action                   |  1- 3 |  4- 6 |  7- 9 || total
-------------------------+-------+-------+-------++-------
Melee: Dagger            |     2 |       |    71 ||    73
       Whip              |       |       |    80 ||    80
       Punch             |       |       |     4 ||     4
 Fire: Shortbow          |    91 |   140 |   222 ||   453
Invok: Heroism           |       |       |     2 ||     2
 Abil: Dig               |       |       |     1 ||     1
Evoke: Wand              |       |       |     3 ||     3
  Use: Scroll            |     2 |     5 |     3 ||    10
       Potion            |       |     1 |     6 ||     7
 Stab: Sleeping          |       |       |     1 ||     1
Armor: Leather armour    |    19 |       |       ||    19
       Ring mail         |       |    18 |    90 ||   108
       Skin              |       |     7 |    52 ||    59
Dodge: Dodged            |    35 |    38 |   213 ||   286

Table legend: (Time is in decaauts)
 A = Elapsed time spent in this place.
 B = Non-inter-level travel time spent in this place.
 C = Inter-level travel time spent in this place.
 D = Time resting spent in this place.
 E = Time spent auto-exploring this place.
 F = Levels seen in this place.
 G = Mean time per level.
                   A        B        C        D        E       F      G
               +--------+--------+--------+--------+--------+-----+--------+
         Total |   7260 |   6812 |    448 |   1808 |   3394 |   7 | 1037.1 |
       Dungeon |   7260 |   6812 |    448 |   1808 |   3394 |   7 | 1037.1 |
               +--------+--------+--------+--------+--------+-----+--------+

Top non-repeatable levels by time:
     D:6: 1412 daAuts
     D:4: 1214 daAuts
     D:3: 1101 daAuts
     D:5: 1046 daAuts
     D:7: 943 daAuts
     D:1: 898 daAuts
     D:2: 644 daAuts
